 Dungeon Crawl Stone Soup version 0.27.1-1-g398f81649c (webtiles) character file.

Game seed: 11324018968908956143

3783 pkoi the Fighter (level 9, -13/82 HPs)
             Began as a Minotaur Fighter on Sept 15, 2021.
             Was a High Priest of Okawaru.
             Mangled by a wyvern (15 damage)
             ... on level 7 of the Dungeon.
             The game lasted 00:10:19 (9414 turns).

pkoi the Fighter (Minotaur Fighter)                 Turns: 9414, Time: 00:10:21

Health: -13/82     AC: 12    Str: 25    XL:     9   Next: 95%
Magic:  10/12      EV: 14    Int:  5    God:    Okawaru [*****.]
Gold:   396        SH: 14    Dex: 11    Spells: 8/8 levels left

rFire    . . .     SeeInvis .   a - +1 flail
rCold    . . .     Faith    .   c - +1 kite shield
rNeg     . . .     Spirit   .   b - +0 scale mail
rPois    +         Reflect  .   v - +0 hat
rElec    .         Harm     .   q - +0 cloak
rCorr    .         Rampage  .   (no gloves)
Will     .....                  (no boots)
Stlth    ++........             x - amulet of the acrobat
HPRegen  0.23/turn              i - ring of poison resistance
MPRegen  0.13/turn              (no ring)

@: lethally poisoned (-13 -> -20), heroic
A: horns 2, retaliatory headbutt, hooves 1, thin skeletal structure 1, shaggy
fur 1, wild magic 1
a: Renounce Religion, Heroism, Finesse


You were on level 7 of the Dungeon.
You worshipped Okawaru.
Okawaru was extremely pleased with you.
You visited 2 branches of the dungeon, and saw 9 of its levels.
You also visited: Sewer.

You collected 396 gold pieces.

Inventory:

Hand Weapons
 a - a +1 flail (weapon)
 w - the +5 falchion "Kyomejoc" {vorpal, rC++ Int+5 Dex+2}
   (You took it off an orc on level 4 of the Dungeon)

   It inflicts extra damage upon your enemies.
   Int:       It affects your intelligence (+5).
   Dex:       It affects your dexterity (+2).
   rC:        It greatly protects you from cold.
Missiles
 n - 33 poisoned darts (quivered)
 o - 6 throwing nets
 u - 2 silver javelins
Armour
 b - a +0 scale mail (worn)
 c - a +1 kite shield (worn)
 m - the +2 hat "Nekhlaito" {rN+ Will+ MP+9}
   (You acquired it on level 5 of the Dungeon)

   rN:        It protects you from negative energy.
   MP:        It affects your magic capacity (+9).
   Will:      It increases your willpower.
 q - a +0 cloak (worn)
 v - a +0 hat (worn)
Jewellery
 i - a ring of poison resistance (left hand)
 x - an amulet of the acrobat (around neck)
Wands
 y - a wand of mindburst (15)
 E - a wand of paralysis (2)
Scrolls
 e - 3 scrolls of identify
 g - a scroll of amnesia
 l - a scroll of holy word
 A - 2 scrolls of fear {unknown}
 B - 3 scrolls of teleportation
 C - a scroll of fog {unknown}
 D - a scroll of magic mapping {unknown}
Potions
 d - 3 potions of might
 f - a potion of degeneration {unknown}
 h - 3 potions of haste
 j - 3 potions of mutation
 k - 2 potions of attraction {unknown}
 p - a potion of flight
 r - 2 potions of heal wounds
 s - a potion of brilliance
 t - 2 potions of ambrosia {unknown}
 z - a potion of invisibility {unknown}


   Skills:
 + Level 8.4(13.4) Fighting
 - Level 4.1(9.1) Maces & Flails
 + Level 8.4(13.4) Armour
 + Level 6.7(11.7) Dodging
 + Level 8.3(13.3) Shields
 + Level 5.9 Invocations


You had 8 spell levels left.
You didn't know any spells.
Your spell library contained the following spells:

 Spells                   Type           Power      Damage    Failure   Level
 Foxfire                  Conj/Fire      0%         2x1d4     83%         1
 Conjure Flame            Conj/Fire      0%         6-21      99%         3
 Inner Flame              Hex/Fire       0%         N/A       99%         3


Dungeon Overview and Level Annotations

Branches:
Dungeon (8/15)             Temple (1/1) D:4           Sewer (visited)
   Lair: D:8-11

Altars:
Ashenzari
Cheibriados
Dithmenos
Elyvilon
Fedhas
Gozag
Hepliaklqana
Kikubaaqudgha
Makhleb
Nemelex Xobeh
Okawaru
Ru
Sif Muna
Vehumet
Wu Jian
Xom
Yredelemnul
Zin
The Shining One
Beogh

Annotations:
D:4 3 runed translucent doors, AttackTheMoon's ghost, novice OpWz
D:8 Grum


Innate Abilities, Weirdness & Mutations

You have a pair of horns on your head.
You reflexively headbutt those who attack you in melee.
You have large cloven feet.
You have a somewhat thin skeletal structure. (Dex +2, Stealth+)
You are covered in fur. (AC +1)
Your spells are a little harder to cast, but a little more powerful.


Message History

The wyvern bites you but does no damage.
The kobold closely misses you. You block the wyvern's attack.
The kobold misses you.
Unknown command.
It was a potion of heal wounds.
You feel much better.
* * * LOW HITPOINT WARNING * * *
You feel extremely sick. You block the wyvern's attack.
The kobold barely misses you. You block the kobold's attack.
Unknown command.
You sock the wyvern!
The wyvern is almost dead.
* * * LOW HITPOINT WARNING * * *
You feel very sick. The wyvern barely misses you. You furiously retaliate!
You headbutt the wyvern, but do no damage.
The kobold barely misses you. You furiously retaliate!
You headbutt the kobold!
You kill the kobold!
Okawaru accepts your kill. You block the wyvern's attack.
The kobold hits you but does no damage.
You closely miss the wyvern.
The wyvern is almost dead.
* * * LOW HITPOINT WARNING * * *
You feel very sick. You block the wyvern's attack.
You block the kobold's attack. The wyvern bites you!
* * * LOW HITPOINT WARNING * * *
You barely miss the wyvern.
The wyvern is almost dead.
* * * LOW HITPOINT WARNING * * *
You feel very sick. You block the wyvern's attack.
You block the kobold's attack.
Unknown command.
It was a potion of mutation.
You feel extremely strange.
Your bones become slightly less dense.
Your feet thicken and deform.
You feel less in control of your magic. Fur sprouts all over your body.
* * * LOW HITPOINT WARNING * * *
You feel very sick. The wyvern bites you!
You die...

###.......#......######......<...
#.......#.#.##..........###.####.
#.#.##................#.# #.####.
#.#.##..#.#.###..#.##.#.###......
#.#.....#.#.###..#.##....#######.
#.#.......#......#.##.#..# #.
..##.##.#######.##.##.#..# #.
.....)..# #....l))..)....# #.
..##.#### #....K@#.##.##.#######.
[.##.# #.....รท#.##............
..##.# #......#.##............
.###)#### #......#.##.##.##......
........# #......#.##....##.##.##
#.##.##.# #........##..####..#.#
#.##.##.# ###########..####.#..##
#.##..#.# #####......###.#.
#.###.#.# #......##.## #.#.


You could see a wyvern and a kobold.

Vanquished Creatures
  Harold (D:7)
  Sigmund (D:3)
  2 water moccasins
  A black bear (D:5)
  2 ice beasts
  A necrophage (D:5)
  2 ogres
  3 wolves (D:7)
  2 phantoms
  6 scorpions
  4 bullfrogs
  A wyvern skeleton (D:5)
  3 killer bees (D:7)
  4 electric eels (D:7)
  2 orc priests
  A jelly (D:5)
  Crazy Yiuf (D:3)
  A centaur skeleton (D:6)
  Jessica (D:3)
  A bullfrog skeleton (D:7)
  7 iguanas
  2 orc wizards
  A killer bee zombie (D:7)
  A hound skeleton (D:4)
  A howler monkey skeleton (D:7)
  10 adders
  6 river rats (Sewer)
  A shadow imp (D:7)
  A white imp (D:7)
  2 adder skeletons (D:4)
  2 worms (D:2)
  3 dart slugs
  22 orcs
  20 ball pythons
  14 bats
  7 endoplasms
  8 giant cockroaches
  7 goblins
  8 hobgoblins
  5 jackals (D:3)
  6 kobolds
  6 quokkas
  2 frilled lizards (D:1)
  28 rats
210 creatures vanquished.

Vanquished Creatures (others)
  52 plants (D:7)
52 creatures vanquished.

Grand Total: 262 creatures vanquished

Notes
Turn   | Place    | Note
-------+----------+-------------------------------------------
     0 | D:1      | pkoi the Minotaur Fighter began the quest for the Orb.
     0 | D:1      | Reached XP level 1. HP: 19/19 MP: 0/0
    86 | D:1      | Reached XP level 2. HP: 23/27 MP: 1/1
   252 | D:1      | Reached skill level 1 in Dodging
   311 | D:1      | Reached XP level 3. HP: 31/33 MP: 2/2
   858 | D:2      | Found a faded altar of an unknown god.
   867 | D:2      | Became a worshipper of Warmaster Okawaru
   867 | D:2      | Reached * piety under Okawaru
  1294 | D:2      | Found a sacrificial altar of Ru.
  1446 | D:3      | Noticed Sigmund
  1598 | D:3      | Reached XP level 4. HP: 25/40 MP: 3/3
  1838 | D:3      | Killed Sigmund
  1838 | D:3      | Reached ** piety under Okawaru
  1839 | D:3      | Reached skill level 1 in Invocations
  1839 | D:3      | Reached XP level 5. HP: 23/47 MP: 2/5
  2240 | D:3      | Reached XP level 6. HP: 53/53 MP: 6/6
  2492 | D:3      | Noticed Jessica
  2497 | D:3      | Killed Jessica
  2661 | D:3      | Found a runed translucent door.
  2662 | D:3      | Noticed Crazy Yiuf
  2669 | D:3      | Killed Crazy Yiuf
  3032 | D:4      | Found a staircase to the Ecumenical Temple.
  3079 | Temple   | Entered the Ecumenical Temple
  3244 | D:4      | Reached skill level 5 in Fighting
  3244 | D:4      | Reached skill level 5 in Armour
  3244 | D:4      | Reached skill level 5 in Shields
  3363 | D:4      | Found a runed translucent gate.
  3364 | D:4      | Found a runed translucent gate.
  3365 | D:4      | Found a runed translucent gate.
  3365 | D:4      | Noticed AttackTheMoon's ghost (novice OpWz)
  3365 | D:4      | Identified the +5 dagger "Xerchumuff" {elec, rPois rF+
                  | Str-3 Int+5}
  3365 | D:4      | Identified the +0 scale mail of Eternal Vigilance {Int+4}
  3429 | D:4      | Identified the +5 falchion "Kyomejoc" {vorpal, rC++ Int+5
                  | Dex+2}
  3502 | D:4      | Found an opulent altar of Gozag.
  3529 | D:4      | Found an ancient bone altar of Kikubaaqudgha.
  3710 | D:5      | Entered Level 5 of the Dungeon
  3775 | D:5      | Reached XP level 7. HP: 61/61 MP: 7/7
  3889 | D:5      | Reached *** piety under Okawaru
  4110 | D:5      | Reached XP level 8. HP: 52/70 MP: 9/9
  4273 | D:5      | Identified a scroll of acquirement
  4273 | D:5      | Acquired the +2 hat "Nekhlaito" {rN+ Will+ MP+9}
  5074 | D:6      | Reached **** piety under Okawaru
  5522 | D:6      | Reached skill level 5 in Dodging
  5557 | D:6      | Found a glowing drain.
  5568 | Sewer    | Entered a sewer
  6407 | D:6      | Reached XP level 9. HP: 73/79 MP: 11/11
  6783 | D:7      | Reached skill level 5 in Invocations
  6843 | D:7      | Noticed Harold
  7407 | D:7      | Killed Harold
  7407 | D:7      | Reached ***** piety under Okawaru
  7407 | D:7      | Received a gift from Okawaru
  8308 | D:7      | HP: 2/81 [electric eel/bolt of electricity (4)]
  9102 | D:8      | Noticed Grum
  9409 | D:7      | HP: 4/82 [poisoned by Grum]
  9414 | D:7      | Gained mutation: You have a somewhat thin skeletal
                  | structure. (Dex +2, Stealth+) [potion of mutation]
  9414 | D:7      | Gained mutation: You have large cloven feet. [potion of
                  | mutation]
  9414 | D:7      | Gained mutation: Your spells are a little harder to cast,
                  | but a little more powerful. [potion of mutation]
  9414 | D:7      | Gained mutation: You are covered in fur. (AC +1) [potion of
                  | mutation]
  9414 | D:7      | HP: 2/82 [poisoned by Grum]
  9414 | D:7      | Mangled by a wyvern

Illustrated notes

Levels and vault maps discovered:
D:1:      dpeg_arrival_round_c, layout_basic, kennysheep_boxes
D:2:      layout_loops_ring, shapermc_ecumenical_altar_totnotflames, basic_altar
D:3:      layout_basic, grunt_ministairs_4, uniq_sigmund, uniq_jessica,
          uniq_crazy_yiuf_cottage
D:4:      layout_cave_pools, grunt_gozag_breadcrumbs,
          mainiacjoe_overflow_cross_hatched, minmay_temple_entry_stoned_glass,
          biasface_ghost_orc_armoury
D:5:      layout_basic, enter_ossuary_2
D:6:      layout_rooms, gup_sewer_entry_pipe
D:7:      layout_loops_cross, serial_bayou, serial_bayou_shore_a,
          serial_bayou_lagoon_a, serial_bayou_shore_b, serial_bayou_pond_d,
          uniq_harold
D:8:      cheibrodos_iron_armory, layout_rooms, dancing_weapons_uskayaw,
          nicolae_qazlal_style_of_elements, patterned_corridor, uniq_maurice,
          uniq_grum
Temple:   eino_temple_rhombus

Skill      XL: |  1  2  3  4  5  6  7  8  9 |
---------------+----------------------------+-----
Dodging        | 1 2 3 4 5 6 |  6.7
Armour         | 4 5 6 7 8 |  8.4
Fighting       | 4 5 6 7 8 |  8.4
Shields        | 4 5 7 8 |  8.3
Maces & Flails | 3 4 |  4.1
Invocations    | 1 2 3 4 5 |  5.9

Action                   |  1- 3 |  4- 6 |  7- 9 || total
-------------------------+-------+-------+-------++-------
Melee: Flail             |   110 |    80 |   319 ||   509
       Headbutt          |    17 |    14 |    50 ||    81
       Falchion          |       |    12 |    33 ||    45
Invok: Heroism           |       |     1 |     7 ||     8
  Use: Scroll            |       |       |    12 ||    12
       Potion            |       |       |     4 ||     4
Armor: Scale mail        |    41 |    28 |   183 ||   252
Dodge: Dodged            |    43 |    35 |   220 ||   298
Block: Kite shield       |    62 |    54 |   329 ||   445
       Rpst.: Falchion   |       |     1 |     2 ||     3
